 Dungeon Crawl Stone Soup version 0.27.1-33-g824d729ab1 (webtiles) character file.

Game seed: 16089898591740469655

364 pkoi the Insei (level 6, -12/45 HPs)
             Began as a Draconian Summoner on Dec 28, 2021.
             Mangled by an ogre (26 damage)
             ... on level 5 of the Dungeon.
             The game lasted 00:06:18 (5046 turns).

pkoi the Insei (Draconian Summoner)                 Turns: 5046, Time: 00:06:19

Health: -12/45     AC:  8    Str: 17    XL:     6   Next: 39%
Magic:  15/18      EV: 12    Int: 17    God:
Gold:   217        SH:  0    Dex: 11    Spells: 4/9 levels left

rFire    . . .     SeeInvis .     - Unarmed
rCold    . . .     Faith    .   (no shield)
rNeg     . . .     Spirit   .   (armour unavailable)
rPois    .         Reflect  .   (helmet restricted)
rElec    .         Harm     .   a - +0 cloak
rCorr    .         Rampage  .   l - +0 pair of gloves
Will     .....                  (no boots)
Stlth    ++........             d - amulet of magic regeneration
HPRegen  0.15/turn              e - +6 ring of strength
MPRegen  0.41/turn              h - ring of magical power

@: no status effects
A: AC +6, unfitting armour, cold-blooded
a: no special abilities


You were on level 5 of the Dungeon.
You visited 1 branch of the dungeon, and saw 5 of its levels.

You collected 217 gold pieces.

Inventory:

Hand Weapons
 b - a +1 dagger of venom
 c - a +0 dagger
 g - a +2 short sword of venom
Missiles
 j - 3 boomerangs
Armour
 a - a +0 cloak (worn)
 l - a +0 pair of gloves (worn)
Jewellery
 d - an amulet of magic regeneration (around neck)
 e - a +6 ring of strength (left hand)
 h - a ring of magical power (right hand)
Wands
 p - a wand of polymorph (9)
Potions
 f - 3 potions of curing
 m - a potion of mutation
 n - a potion of flight
 o - a potion of resistance
 q - a potion of lignification
 t - 2 potions of haste


   Skills:
 - Level 1.7 Dodging
 - Level 1.7 Stealth
 + Level 5.7 Unarmed Combat
 - Level 2.0 Spellcasting
 + Level 5.0 Summonings


You had 4 spell levels left.
You knew the following spells:

 Your Spells              Type           Power      Damage    Failure   Level
b - Call Imp              Summ           18%        N/A       3%          2
c - Call Canine Familiar  Summ           18%        N/A       8%          3

Your spell library contained the following spells:

 Spells                   Type           Power      Damage    Failure   Level
 Summon Small Mammal      Summ           72%        N/A       2%          1
 Shock                    Conj/Air       4%         1d3       19%         1
 Summon Guardian Golem    Hex/Summ       10%        N/A       21%         3
 Inner Flame              Hex/Fire       1%         N/A       50%         3
 Swiftness                Air            1%         N/A       50%         3
 Summon Lightning Spire   Summ/Air       10%        N/A       56%         4
 Airstrike                Air            0%         N/A       88%         4
 Cause Fear               Hex            0%         N/A       88%         4
 Iron Shot                Conj/Erth      0%         9d1       100%        6
 Haunt                    Necr/Summ      5%         N/A       100%        7
 Monstrous Menagerie      Summ           9%         N/A       100%        7
 Discord                  Hex            0%         N/A       100%        8


Dungeon Overview and Level Annotations

Branches:
Dungeon (5/15)
 Temple: D:4-7

Altars:

Shops:
D:2 (


Innate Abilities, Weirdness & Mutations

Your plain brown scales are hard. (AC +6)
You cannot fit into any form of body armour.
You are cold-blooded and may be slowed by cold attacks.


Message History

Unknown command.
You punch the ogre!
The ogre is heavily wounded.
The ogre hits you with a +0 giant spiked club!!
Your hound bites the ogre.
Unknown command.
Casting: Call Canine Familiar (dangerous; 8% risk of failure)
Confirm with . or Enter, or press ? or * to list all spells.
A shadowy apparition takes form in the air.
Your hound barely misses the ogre.
Your crimson imp blinks!
The ogre hits your hound with a +0 giant spiked club!!
Your hound dies!
Your hound's corpse disappears in a puff of smoke!
The centaur hits you.
* * * LOW HITPOINT WARNING * * *
The centaur closely misses you.
The ogre shouts!
Unknown command.
The centaur wields a +0 shortbow.
The centaur shoots an arrow.
The arrow closely misses you. The arrow hits your shadow imp.
You hit the ogre. You tail-slap the ogre.
The ogre is severely wounded.
Your shadow imp hits the ogre.
The ogre barely misses you.
Unknown command.
You completely miss the ogre.
The ogre is almost dead.
The centaur unwields a +0 shortbow.
The centaur hits you.
* * * LOW HITPOINT WARNING * * *
The centaur barely misses you.
Unknown command.
Unknown command.
You barely miss the ogre.
The ogre is almost dead.
The centaur hits you but does no damage.
The centaur kicks you but does no damage.
Your shadow imp hits the ogre but does no damage.
The ogre hits you with a +0 giant spiked club!!
Ouch! That really hurt!
You die...

#..........# #..........#
P≈P♣♣♣♣♣≈P #..........#
.≈≈≈≈≈♣≈P. #..........#
.PP≈P≈P≈.. #.....$....#
..P≈PP.... #..........#
...≈P....# #...$......#
........# #..cOZ.....#
........# #...@5.....#
........# #..........#
........# #..........#
........# #..........#
....†...#####..........##
#####'###...###.........#
#..........#.........#
#...<......#.........#
#..........#.........#


You could see an ogre (ally target), a centaur, a centaur zombie and a friendly
shadow imp (summoned).

Vanquished Creatures
  A water moccasin skeleton (D:5)
  A hound (D:5)
  Terence (D:3)
  2 gnolls (D:4)
  An adder (D:2)
  A white imp (D:5)
  A dart slug (D:1)
  An orc (D:3)
  4 ball pythons
  7 endoplasms
  A giant cockroach (D:1)
  9 goblins
  3 hobgoblins
  5 jackals (D:1)
  3 quokkas
  6 bats
  3 frilled lizards
  5 kobolds
  7 rats
62 creatures vanquished.

Vanquished Creatures (collateral kills)
  An ice beast (D:3)
  An ogre (D:4)
  An orc wizard (D:3)
  A gnoll (D:4)
  2 orcs (D:3)
  An endoplasm (D:3)
  A goblin (D:3)
  2 quokkas (D:1)
  A kobold (D:4)
11 creatures vanquished.

Vanquished Creatures (others)
  4 fungi (D:2)
  14 plants
18 creatures vanquished.

Grand Total: 91 creatures vanquished

Notes
Turn   | Place    | Note
-------+----------+-------------------------------------------
     0 | D:1      | pkoi the Draconian Summoner began the quest for the Orb.
     0 | D:1      | Reached XP level 1. HP: 14/14 MP: 3/3
   221 | D:1      | Reached skill level 1 in Unarmed Combat
   435 | D:1      | Reached XP level 2. HP: 19/20 MP: 5/5
  1183 | D:1      | Reached XP level 3. HP: 26/26 MP: 6/6
  1980 | D:2      | Found Cuutu's Weapon Shoppe.
  2463 | D:2      | Found a faded altar of an unknown god.
  2804 | D:3      | Noticed an ice beast
  2822 | D:3      | HP: 1/26 [ice beast (7)]
  2844 | D:3      | Killed an ice beast
  2845 | D:3      | Reached XP level 4. HP: 3/33 MP: 7/7
  2845 | D:3      | Reached XP level 5. HP: 4/38 MP: 8/8
  3131 | D:2      | Learned a level 2 spell: Call Imp
  3135 | D:2      | Learned a level 3 spell: Call Canine Familiar
  3154 | D:3      | Noticed Terence
  3161 | D:3      | Killed Terence
  3202 | D:3      | Got the Compendium of Dusty Calling
  3401 | D:3      | Reached skill level 5 in Unarmed Combat
  4549 | D:4      | Noticed an ogre
  4557 | D:4      | Killed an ogre
  4558 | D:4      | Reached XP level 6. HP: 31/45 MP: 9/9
  4779 | D:5      | Entered Level 5 of the Dungeon
  4948 | D:5      | Reached skill level 5 in Summonings
  5046 | D:5      | Mangled by an ogre

Illustrated notes

Levels and vault maps discovered:
D:1:      amcnicky_arrival_double_pillar, layout_loops_ring, serial_rivers,
          chequers_serial_rivers_small_b, chequers_serial_rivers_room_a,
          chequers_serial_rivers_micro_a, chequers_serial_rivers_large_a,
          chequers_serial_rivers_large_b
D:2:      layout_basic, serial_shops, nicolae_shop_waterfront,
          dreamdust_ecumenical_altar_grove
D:3:      layout_loops_ring, wander_ebering_terrifying_dragon_lair, uniq_terence
D:4:      layout_cave_pods, abandoned_shop, st_stairs_1
D:5:      layout_gridville, grunt_temple_overflow_bloody_war, serial_bayou,
          serial_bayou_pond_d, serial_bayou_pond_c, serial_bayou_lagoon_a,
          serial_bayou_pond_d

Skill      XL: |  1  2  3  4  5  6 |
---------------+-------------------+-----
Unarmed Combat | 1 2 4 5 |  5.7
Summonings     | 5 |  5.0
Dodging        | |  1.7
Stealth        | |  1.7
Spellcasting   | |  2.0

Action                   |  1- 3 |  4- 6 || total
-------------------------+-------+-------++-------
Melee: Unarmed           |   207 |    63 ||   270
       Tailslap          |    18 |     7 ||    25
       Punch             |     2 |     2 ||     4
 Cast: Summon Small Mamm |     3 |       ||     3
       Call Imp          |       |    11 ||    11
       Call Canine Famil |       |     6 ||     6
  Use: Potion            |     4 |       ||     4
       Scroll            |     2 |     7 ||     9
 Stab: Sleeping          |     4 |     2 ||     6
       Distracted        |       |     1 ||     1
Armor: Skin              |    80 |    19 ||    99
Dodge: Dodged            |   125 |    29 ||   154
